 Dungeon Crawl Stone Soup version 0.27-a0-59-gfbafd837a3 (webtiles) character file.

Game seed: 10753563281593129721

74 Borgoz the Sneak (level 4, 0/26 HPs)
             Began as a Kobold Enchanter on Jan 8, 2021.
             Slain by Grinder (1 damage)
             ... on level 3 of the Dungeon.
             The game lasted 00:04:15 (3144 turns).

Borgoz the Sneak (Kobold Enchanter)                 Turns: 3144, Time: 00:04:15

Health: 0/26       AC:  5    Str:  6    XL:     4   Next: 52%
Magic:  6/7        EV: 16    Int: 16    God:
Gold:   131        SH:  0    Dex: 15    Spells: 6/7 levels left

rFire    . . .     SeeInvis .   a - +1 dagger
rCold    . . .     Faith    .   (shield restricted)
rNeg     . . .     Spirit   .   b - +0 robe
rPois    .         Reflect  .   g - +1 hat
rElec    .         Harm     .   (no cloak)
rCorr    .         Rampage  .   (no gloves)
Will     .....                  d - +1 pair of boots
Stlth    ++++......             (no amulet)
HPRegen  0.08/turn              (no ring)
MPRegen  0.10/turn              (no ring)

@: flying
A: small, nightstalker 3
a: no special abilities


You were on level 3 of the Dungeon.
You visited 1 branch of the dungeon, and saw 3 of its levels.

You collected 131 gold pieces.

Inventory:

Hand Weapons
 a - a +1 dagger (weapon)
Armour
 b - a +0 robe (worn)
 d - a +1 pair of boots (worn)
 g - a +1 hat (worn)
Wands
 j - a wand of acid (5)
Scrolls
 e - a scroll of remove curse
 h - a scroll of enchant armour
Potions
 f - a potion of lignification {unknown}
 i - a potion of magic {unknown}
 k - a potion of might {unknown}


   Skills:
 + Level 1.7 Fighting
 + Level 2.8 Short Blades
 + Level 1.3 Armour
 + Level 3.4 Dodging
 - Level 4.0 Stealth
 - Level 2.1 Spellcasting
 - Level 3.0 Hexes


You had 6 spell levels left.
You knew the following spells:

 Your Spells              Type           Power        Failure   Level
a - Corona                Hex            12%          6%          1

Your spell library contained the following spells:

 Spells                   Type           Power        Failure   Level
 Ensorcelled Hibernation  Hex/Ice        12%          17%         2
 Confusing Touch          Hex            11%          19%         3
 Tukima's Dance           Hex            11%          19%         3
 Dazzling Flash           Conj/Hex       12%          32%         3


Dungeon Overview and Level Annotations

Branches:
Dungeon (3/15)

Altars:
Kikubaaqudgha

Annotations:
D:3 Grinder


Innate Abilities, Weirdness & Mutations

You are small and have problems with some larger weapons.
You are completely attuned to the shadows.


Message History

Grinder is outlined in light.
Grinder hits you but does no damage.
You hit Grinder.
Grinder is lightly wounded.
Grinder hits you.
You writhe in agony.
You hit Grinder.
Grinder is lightly wounded.
Grinder hits you.
You writhe in agony.
You are too injured to fight recklessly!
You hit Grinder but do no damage.
Grinder is lightly wounded.
Grinder hits you.
* * * LOW HITPOINT WARNING * * *
You writhe in agony.
* * * LOW HITPOINT WARNING * * *
It was a potion of flight.
You feel very buoyant.
You fly up into the air.
Grinder hits you.
* * * LOW HITPOINT WARNING * * *
You writhe in agony.
You die...

.. ..# .###..#
#...........
##...#. #.5#
....... #@#
#.#...####.##.#
#.......##.....
..##.##........
...
#.##.#########.
.. #.##.#
#.##.##.#
#.#.#.#.#
#..###..#


You could see Grinder (corona).

Vanquished Creatures
  2 adders (D:2)
  4 worms (D:2)
  A dart slug (D:1)
  A giant cockroach (D:2)
  2 goblins
  6 hobgoblins
  5 kobolds
  8 bats
  6 frilled lizards
  11 rats
46 creatures vanquished.

Vanquished Creatures (others)
  5 withered plants (D:2)
5 creatures vanquished.

Grand Total: 51 creatures vanquished

Notes
Turn   | Place    | Note
-------+----------+-------------------------------------------
     0 | D:1      | Borgoz the Kobold Enchanter began the quest for the Orb.
     0 | D:1      | Reached XP level 1. HP: 10/10 MP: 3/3
   226 | D:1      | Reached XP level 2. HP: 5/16 MP: 5/5
  1309 | D:1      | Reached skill level 1 in Fighting
  1720 | D:1      | Reached XP level 3. HP: 20/20 MP: 6/6
  1913 | D:2      | Reached skill level 1 in Armour
  2230 | D:2      | Reached XP level 4. HP: 25/25 MP: 7/7
  2590 | D:2      | Found an ancient bone altar of Kikubaaqudgha.
  2771 | D:2      | HP: 1/26 [worm (6)]
  3137 | D:3      | Noticed Grinder
  3144 | D:3      | HP: 1/26 [Grinder (4)]
  3144 | D:3      | Slain by Grinder

Illustrated notes

Levels and vault maps discovered:
D:1:      minmay_arrival_nine_rooms, layout_loops_ring
D:2:      layout_rooms, kiku_gazebo_garden_becter
D:3:      layout_loops_ring, chequers_ecumenical_altar_simple_redux,
          minmay_misc_feat_nine_boxes, uniq_grinder

Skill      XL: |  1  2  3 |
---------------+----------+-----
Short Blades   | 2 |  2.8
Fighting       | 1 |  1.7
Dodging        | 3 |  3.4
Armour         | 1 |  1.3
Stealth        | |  4.0
Spellcasting   | |  2.1
Hexes          | |  3.0

Action                   |  1- 3 |  4- 6 || total
-------------------------+-------+-------++-------
Melee: Dagger            |   163 |    85 ||   248
 Cast: Corona            |     2 |     5 ||     7
  Use: Scroll            |     6 |     1 ||     7
       Potion            |     1 |     3 ||     4
 Stab: Sleeping          |    16 |     1 ||    17
       Distracted        |       |     1 ||     1
Armor: Robe              |    22 |     4 ||    26
Dodge: Dodged            |   115 |    38 ||   153

Table legend: (Time is in decaauts)
 A = Elapsed time spent in this place.
 B = Non-inter-level travel time spent in this place.
 C = Inter-level travel time spent in this place.
 D = Time resting spent in this place.
 E = Time spent auto-exploring this place.
 F = Levels seen in this place.
 G = Mean time per level.
                   A        B        C        D        E       F      G
               +--------+--------+--------+--------+--------+-----+--------+
         Total |   3115 |   3056 |     59 |   1686 |    885 |   3 | 1038.3 |
       Dungeon |   3115 |   3056 |     59 |   1686 |    885 |   3 | 1038.3 |
               +--------+--------+--------+--------+--------+-----+--------+

Top non-repeatable levels by time:
     D:1: 1885 daAuts
     D:2: 1186 daAuts
     D:3: 43 daAuts
